 Dungeon Crawl Stone Soup version 0.31.0-9-g3a7656b989 (webtiles) character file.

Game seed: 638055426721489198

9 Colgate the Poker (level 2, 20/24 HPs)
             Began as a Demonspawn Cinder Acolyte on Feb 2, 2024.
             Was a High Priest of Ignis.
             Quit the game on level 1 of the Dungeon.
             The game lasted 00:00:21 (184 turns).

Colgate the Poker (Demonspawn Cinder Acolyte)        Turns: 184, Time: 00:00:21

Health: 20/24      AC:  2    Str: 14    XL:     2   Next: 3%
Magic:  3/3        EV: 11    Int: 14    God:    Ignis [*****.]
Gold:   46         SH:  0    Dex:  8    Spells: 3/3 levels left

rFire   + . .        a - -1 spear (flame)
rCold   . . .        (no shield)
rNeg    . . .        b - +0 robe
rPois   .            (no helmet)
rElec   .            (no cloak)
rCorr   .            (no gloves)
SInv    .            (no boots)
Will    .....        (no amulet)
Stlth   +            (no ring)
HPRegen 0.24/turn    (no ring)
MPRegen 0.08/turn

%: no passive effects
@: no status effects
A: hooves 1
a: Renounce Religion, Fiery Armour, Foxfire Swarm, Rising Flame


You were on level 1 of the Dungeon.
You worshipped Ignis.
Ignis was extremely pleased with you.
You visited 1 branch of the dungeon, and saw 1 of its levels.

You collected 46 gold pieces.

Inventory:

Hand Weapons
 a - a -1 spear of flaming (weapon)
Armour
 b - a +0 robe (worn)
Scrolls
 c - a scroll of identify {unknown}


   Skills:
 - Level 3.0 Fighting
 + Level 3.2 Polearms
 - Level 1.0 Spellcasting
 - Level 2.6 Fire Magic


You had 3 spell levels left.
You didn't know any spells.
Your spell library contained the following spells:

 Spells                   Type           Power      Damage    Failure   Level
 Scorch                   Fire           16%        2d5       13%         2
 Summon Small Mammal      Summ           0%         N/A       26%         1
 Call Canine Familiar     Summ           0%         N/A       61%         3
 Summon Blazeheart Golem  Fire/Summ      4%         N/A       83%         4


Dungeon Overview and Level Annotations

Branches:
Dungeon (1/15)

Altars:


Innate Abilities, Weirdness & Mutations

You have large cloven feet.


Message History

No target in view!
Key pressed, stopping explore.
No target in view!
Found a stone staircase leading down.
No target in view!
A bat and an endoplasm come into view.
Found an escape hatch in the floor.
The endoplasm quivers.
The bat hits you.
There are monsters nearby!
You hit the bat. You burn the bat.
You kill the bat!
An endoplasm is nearby!
You reach to attack!
You hit the endoplasm. You burn the endoplasm.
An endoplasm is nearby!
You barely miss the endoplasm. The endoplasm freezes you.
You are frozen.
An endoplasm is nearby!
You hit the endoplasm. You burn the endoplasm.
You kill the endoplasm!
Key pressed, stopping explore.
No target in view!
Key pressed, stopping explore.
No target in view!
A hobgoblin comes into view.
A hobgoblin is nearby!
A hobgoblin is nearby!
You reach to attack!
You hit the hobgoblin but do no damage.
A hobgoblin is nearby!
You hit the hobgoblin but do no damage. The hobgoblin hits you.
A hobgoblin is nearby!
You barely miss the hobgoblin. The hobgoblin hits you.
A hobgoblin is nearby!
You hit the hobgoblin. You burn the hobgoblin.
You kill the hobgoblin!
You have reached level 2!
Your demonic ancestry asserts itself...
Your feet thicken and deform.
Are you sure you want to abandon this character and quit the game? (Confirm with "yes".)

### #############...
#######.........>.....
#.....#...........~..~
#.###.#...........~~..
##.#.#.#...........~.~.
#....#.........@†......
#..#.##..>.............
##.#.##............####
#.#...............#
##.######.##########
#................#
#########....###.#
####.###.######
#.....#......#


There were no monsters in sight!

Vanquished Creatures
  A dart slug (D:1)
  An endoplasm (D:1)
  A hobgoblin (D:1)
  2 bats (D:1)
  A frilled lizard (D:1)
  A kobold (D:1)
7 creatures vanquished.

Notes
Turn   | Place    | Note
-------+----------+-------------------------------------------
     0 | D:1      | Colgate the Demonspawn Cinder Acolyte began the quest for
                  | the Orb.
     0 | D:1      | Reached XP level 1. HP: 18/18 MP: 2/2
   184 | D:1      | Gained mutation: You have large cloven feet. [demonic
                  | ancestry]
   184 | D:1      | Reached XP level 2. HP: 20/24 MP: 3/3
   184 | D:1      | Quit the game

Illustrated notes

Levels and vault maps discovered:
D:1:      dpeg_arrival_solitude, layout_basic, chequers_serial_rivers_micro_c,
          minmay_door_square

Skill      XL: |  1 |
---------------+----+-----
Polearms       | 3 |  3.2
Fighting       | |  3.0
Spellcasting   | |  1.0
Fire Magic     | |  2.6

Action                     || total
---------------------------++-------
  Melee: Spear             ||    26
 Armour: Robe              ||    18
  Dodge: Dodged            ||    14
